 Dungeon Crawl Stone Soup version 0.29.1-12-g30fa7ad0bf (webtiles) character file.

Game seed: 6048138598725182788

60 112233 the Trooper (level 4, 0/31 HPs)
             Began as an Octopode Fighter on Dec 18, 2022.
             Was a Believer of Uskayaw.
             Slain by a hound (3 damage)
             ... on level 4 of the Dungeon.
             The game lasted 00:00:38 (732 turns).

112233 the Trooper (Octopode Fighter)                Turns: 732, Time: 00:00:39

Health: 0/31       AC:  1    Str: 15    XL:     4   Next: 6%
Magic:  4/4        EV: 13    Int: 10    God:    Uskayaw [**....]
Gold:   21         SH:  5    Dex: 13    Spells: 3/3 levels left

rFire   + . .      SeeInvis .   a - +0 trident
rCold   . . .      Faith    .   b - +0 buckler
rNeg    . . .      Spirit   .   (helmet restricted)
rPois   .          Reflect  .   (no amulet)
rElec   .          Harm     .   e - ring of protection from fire
rCorr   .          Rampage  .   (no ring)
Will    .....                   (no ring)
Stlth   ++........              (no ring)
HPRegen 0.10/turn               (no ring)
MPRegen 0.09/turn               (no ring)
                                (no ring)
                                (no ring)

@: no status effects
A: almost no armour, amphibious, 8 rings, camouflage 1, gelatinous body 1,
(nimble swimmer 1), tentacles
a: Renounce Religion, Stomp, Line Pass


You were on level 4 of the Dungeon.
You worshipped Uskayaw.
Uskayaw was noncommittal.
You visited 1 branch of the dungeon, and saw 4 of its levels.

You collected 21 gold pieces.

Inventory:

Hand Weapons
 a - a +0 trident (weapon)
Armour
 b - a +0 buckler (worn)
Jewellery
 e - a ring of protection from fire (left tentacle)
Scrolls
 d - a scroll of identify {unknown}
 f - a scroll of immolation {unknown}
 g - a scroll of poison {unknown}
Potions
 c - a potion of might
 h - a potion of mutation {unknown}
 i - a potion of berserk rage {unknown}
 j - a potion of brilliance {unknown}
 k - a potion of lignification {unknown}


   Skills:
 + Level 3.5 Fighting
 + Level 2.6 Polearms
 + Level 3.5 Dodging
 + Level 3.5 Shields


You had 3 spell levels left.
You didn't know any spells.
Your spell library was empty.

Dungeon Overview and Level Annotations

Branches:
Dungeon (4/15)
 Temple: D:4-7

Altars:
Uskayaw


Innate Abilities, Weirdness & Mutations

You cannot wear most types of armour.
You are amphibious.
You can wear up to eight rings at the same time.
Your skin changes colour to match your surroundings (Stealth+).
Your rubbery body absorbs attacks. (AC +1, EV +1)
((You are camouflaged when in or above water. (Stealth+)))
You have tentacles for arms and can constrict up to eight enemies at once.


Message History

The kobold attacks as you move away! The kobold hits you with a +0 dagger.
Found 4 stones.
The kobold barely misses you. The kobold attacks as you move away!
You block the kobold's attack. The kobold attacks as you move away!
The kobold hits you with a +0 dagger. The kobold attacks as you move away!
The kobold completely misses you.
The hound barks!
The hound closely misses you.
You can no longer pass through a line of other dancers.
The kobold attacks as you move away! The kobold barely misses you.
The hound misses you. x2
You hit the hound. You grab the hound.
The hound is lightly wounded.
You constrict the hound. You block the hound's attack.
The kobold closely misses you. The hound bites you.
You hit the hound.
Your tentacle-slap misses the hound.
Your squeeze misses the hound.
The hound is heavily wounded.
You constrict the hound. The kobold hits you with a +0 dagger.
The hound bites you but does no damage.
You can now pass through a line of other dancers.
You are too injured to fight recklessly!
You release your grip on the hound.
The hound closely misses you. The kobold hits you with a +0 dagger.
The hound bites you.
* * * LOW HITPOINT WARNING * * *
The kobold attacks as you move away! You block the kobold's attack.
The hound misses you.
You hit the kobold. Your grab misses the kobold.
The kobold is severely wounded.
The hound bites you.
* * * LOW HITPOINT WARNING * * *
You block the kobold's attack. The hound barely misses you.
The kobold barely misses you.
You are too injured to fight recklessly!
The kobold hits you with a +0 dagger.
* * * LOW HITPOINT WARNING * * *
You block the hound's attack. The hound attacks as you move away!
You block the hound's attack.
Unknown command.
The hound bites you.
You die...

.....#....##.........#
#
...#....#............#
#
........#.###.......##
# #....##...#
#######.# ..... #..##
..# .....##...#######
.................
(..##.##Kh...#### #.
#@..#..... .
#.#.#####. .. #.#..#
## .....# .......
........# #......#..
######.##..


You could see a hound and a kobold.

Vanquished Creatures
  An iguana (D:4)
  An adder (D:4)
  3 endoplasms (D:1)
  A goblin (D:1)
  2 hobgoblins (D:1)
  7 jackals (D:1)
  A quokka (D:1)
  4 ball pythons
  A frilled lizard (D:1)
  2 kobolds (D:1)
  3 rats (D:1)
26 creatures vanquished.

Notes
Turn   | Place    | Note
-------+----------+-------------------------------------------
     0 | D:1      | 112233 the Octopode Fighter began the quest for the Orb.
     0 | D:1      | Reached XP level 1. HP: 16/16 MP: 1/1
    25 | D:1      | Reached XP level 2. HP: 14/21 MP: 2/2
   486 | D:1      | Found a faded altar of an unknown god.
   497 | D:1      | Reached XP level 3. HP: 16/26 MP: 3/3
   508 | D:1      | Prayed at the altar of an unknown god.
   508 | D:1      | Became a worshipper of Uskayaw the Reveller
   508 | D:1      | Reached * piety under Uskayaw
   652 | D:1      | You fall into a shaft and drop 1 floor!
   703 | D:4      | Reached ** piety under Uskayaw
   717 | D:4      | Reached XP level 4. HP: 28/31 MP: 4/4
   732 | D:4      | Slain by a hound

Illustrated notes

Levels and vault maps discovered:
D:1:      minmay_arrival_shattered_statue, layout_loops_cross,
          dreamdust_ecumenical_altar_statues
D:2:      layout_basic, hex_tiny, minmay_tromino_i4
D:3:      layout_rooms, mainiacjoe_overflow_alcove_4, slow_altar_1,
          jmf_multi_god_temple, uniq_terence, uniq_crazy_yiuf_cottage,
          uniq_pargi
D:4:      layout_rooms, mainiacjoe_overflow_tiny_flanked,
          nicolae_overflow_crystal_walls, mainiacjoe_overflow_alcove_1,
          minmay_door_square, dilly_guarded_unrand_devastator, uniq_menkaure

Action                   |  1- 3 |  4- 6 || total
-------------------------+-------+-------++-------
Melee: Trident           |    45 |     3 ||    48
       Constrict         |     9 |     1 ||    10
       Tentacles         |     6 |       ||     6
 Stab: Sleeping          |     7 |       ||     7
Armor: Skin              |     1 |     1 ||     2
Dodge: Dodged            |    27 |    11 ||    38
Block: Buckler           |     9 |     6 ||    15
